Unix NetHack Version 5.0.0-0 post-release - last build May 17 2026 04:57:42 (dc50c8380fa5e20985bfe3072449f57b8d9895ef,branch:main).

Game began 2026-05-11 19:01:34, ended 2026-05-20 15:11:42.

Barrb, neutral female human Barbarian

}}}}}}}}}}}}}}}}}}}}}}}}}}}}}}}}}}}}}}}}}}}}}}}}}}}}}}}}}}}}}}}}}}}}}}}}}}}}}}}
}}}}}}}}}}}}}    }}}}}}}   }}}}}}}}}}   }}}}}}}}             }}}}}}}}}}}}}}}}}}
}}}}}}}}}}}}}    }}}}}}      }}}}}}}     }}}}}}}             }}}}    }}}}}}}}}}
}}}}}}}   }       }}}}}         }}}}      }}}}}}              }}}     }}}}}}}}}
}}}}}}}             }}}           }}      }}}}}}           ... ...    }}}}}}}}}
}}}}}}}                                    }}}}}   }}    ..........   }}}}}}}}}
}}}}}}}                                      }}}}}}}}}  ....*/.....     }}}}}}}
}}}}}}}}}                                        }}5   }..j&@=.....      }}}}}}
}}}}}}}}}}}                                           .?........}}       }}}}}}
}}}}}}}}}}}                                           ..........}}}      }}}}}}
}}}}}}}}}}                                  }         .....<.}}}}}}       }}}}}
}}}}}}}}}}                               }}}}         .....D.}}}}}         }}}}
}}}}}}}}}}                        }}}    }}}}}}}}}    .......}}}}}            }
}}}}}}}}}}                               }}}}}}}       ......}}}}}     }      }
}}}}}}}}}}}                          }   }}}}}}         ...}}}}}}}    }       }
}}}}}}}}}}}}}                 }      }               }   ..}}}}}}}}}}}}       }
}}}}}}}}}}}}}}        }#}     }      }             }}}     }}}}}}}}}}}}       }
}}}}}}}}}}}}}}        }}}     }     }}            }}}}     }}}}}}}}}}}}       }
}}}}}}}}}}}}}}        }}}}}}}}}}    }}    }}}    }}}}}     }}}}}}}}}}}}       }
}}}}}}}}}}}}}}       }}}}}}}}}}}}}}}}}    }}}}}}}}}}}}}   }}}}}}}}}}}}}       }
}}}}}}}}}}}}}}}}}}}}}}}}}}}}}}}}}}}}}}}}}}}}}}}}}}}}}}}}}}}}}}}}}}}}}}}}}}}}}}}
Barrb the Raider           St:25 Dx:16 Co:18 In:8 Wi:16 Ch:8  Neutral
Dlvl:28 $:0  HP:0(168) Pw:41(41) AC:-15 Xp:15 T:41999  Satiated Burdened Hallu

Latest messages:
 You smite the minotaur!
 The minotaur hits!
 The minotaur hits again!
 The minotaur butts!
 The minotaur hits!
 The minotaur hits again!
 The minotaur butts!
 It explodes!
 You are caught in a blast of kaleidoscopic light!
 You are freaked out.
 The quantum mechanic hits!
 The Borg hits again!
 The titanothere butts!
 You smite the grue!
 The kobold shaman hits!
 The stray tab hits again!
 The baby grainy dragon butts!
 You kill the dementor!
 You see here a minotaur corpse.
 You see here a statue of a lynx.
 The cave spider hits!
 The skvader misses!
 You destroy the Green-elf!
 You see a gas cloud dissipate.
 You see here a statue of a lynx.
 You kill the master mind flayer!
 You have a little trouble lifting W - a wand.
 You see here 169 gold pieces.
 The hobbit misses!
 The straw golem just misses!
 The titan butts!
 The nickelpede hits!
 The coelacanth misses!
 The green mold butts!
 You smite the high purist!
 The hell hound pup hits!
 The large cat hits again!
 The Elvenqueen butts!
 The gargoyle hits!
 The wolpertinger just misses!
 The vampire mace butts!
 You smite the ice troll!
 The umber hulk hits!
 The garter snake hits again!
 The Grey-elf butts!
 You smite the fire giant!
 The large dog hits!
 The dwarf mummy hits again!
 You die...
 Do you want your possessions identified? [ynq] (y) q

Inventory:
 Amulets  ('"')
  z - an uncursed amulet of life saving
  a - an uncursed amulet of reflection (being worn)
 Weapons  (')')
  c - 14 +0 darts (at the ready)
  n - the rustproof +4 Cleaver (weapon in hands)
  r - a +0 silver saber
 Armor    ('[')
  U - an uncursed rustproof +0 orcish helm (being worn)
  p - a blessed rustproof +2 pair of gauntlets of power (being worn)
  t - a blessed rustproof +1 pair of kicking boots (being worn)
  D - a blessed fireproof +2 cloak of displacement (being worn)
  j - an uncursed +4 dwarvish mithril-coat (being worn)
 Comestibles  ('%')
  E - 2 uncursed carrots
  v - 3 uncursed sprigs of wolfsbane
  I - 6 uncursed tripe rations
  R - an uncursed lizard corpse
 Scrolls  ('?')
  o - an uncursed scroll of create monster
  F - an uncursed scroll of enchant armor
  O - an uncursed scroll of scare monster
  g - 4 uncursed scrolls of teleportation
 Potions  ('!')
  P - 2 uncursed potions of extra healing
  e - 4 uncursed potions of healing
  V - a cursed potion of object detection
  u - an uncursed potion of paralysis
  x - an uncursed potion of sleeping
  N - an uncursed potion of water
 Rings    ('=')
  X - an uncursed ring of slow digestion (on left hand)
  s - an uncursed ring of warning
  Y - an uncursed ring of warning (on right hand)
 Wands    ('/')
  Z - a wand of cold (0:4)
  W - a wand of digging (0:8)
  S - a wand of magic missile (0:7)
  T - a wand of magic missile (0:6)
  H - a wand of magic missile (0:1)
  J - a wand of opening (0:4)
  G - a wand of speed monster (0:6)
  h - a wand of striking (0:0)
 Tools    ('(')
  Q - a blessed bag of holding containing 79 items
  K - the Bell of Opening (0:3)
  i - a magic marker (1:0)
  m - a +0 pick-axe
  k - an uncursed skeleton key
  M - an uncursed towel
 Gems/Stones  ('*')
  y - 12 uncursed worthless pieces of red glass
  L - the blessed Heart of Ahriman
  w - 3 uncursed luckstones

Contents of the bag of holding:
  an uncursed amulet of flying
  8 +0 silver arrows
  11 +1 darts
  19 +0 darts
  11 +0 shuriken
  an uncursed +0 pair of leather gloves
  an uncursed +0 oilskin cloak
  6 uncursed food rations
  an uncursed tin of lizard meat
  a cursed tin of gold dragon meat
  an uncursed lichen corpse
  3 uncursed scrolls of blank paper
  an uncursed scroll of confuse monster
  an uncursed scroll of create monster
  a blessed scroll of create monster
  an uncursed scroll of enchant weapon
  an uncursed scroll of fire
  an uncursed scroll of food detection
  an uncursed scroll of genocide
  an uncursed scroll of identify
  a cursed scroll of identify
  5 uncursed scrolls of light
  3 uncursed scrolls of remove curse
  7 uncursed scrolls of teleportation
  an uncursed potion of restore ability
  an uncursed potion of gain ability
  a blessed potion of levitation
  an uncursed potion of levitation
  an uncursed potion of monster detection
  an uncursed potion of object detection
  2 uncursed potions of oil
  an uncursed potion of paralysis
  an uncursed potion of sickness
  an uncursed potion of sleeping
  2 uncursed potions of speed
  6 potions of holy water
  a blessed +1 ring of gain strength
  an uncursed ring of invisibility
  an uncursed ring of stealth
  a wand of cold (1:2)
  a wand of cold (0:0)
  a wand of create monster (0:7)
  a wand of create monster (0:0)
  a wand of create monster (0:10)
  a wand of create monster (0:0)
  a cursed wand of create monster (0:10)
  a wand of death (0:3)
  a wand of digging (0:7)
  a wand of digging (0:6)
  a wand of digging (0:4)
  a wand of digging (0:7)
  a wand of digging (0:7)
  a wand of fire (0:3)
  a wand of fire (0:0)
  a wand of fire (0:6)
  a wand of make invisible (0:8)
  a wand of make invisible (0:6)
  a wand of secret door detection (0:10)
  a wand of sleep (0:7)
  a wand of sleep (0:2)
  a wand of slow monster (0:4)
  a wand of slow monster (0:8)
  a wand of slow monster (0:3)
  a wand of striking (0:0)
  a blessed wand of striking (0:4)
  a wand of teleportation (0:7)
  a cursed wand of teleportation (0:4)
  a wand of teleportation (0:6)
  a wand of undead turning (0:5)
  a wand of wishing (1:0)
  an uncursed magic whistle
  a can of grease (0:8)
  a magic marker (0:0)
  a cursed tinning kit (0:71)
  a +0 unicorn horn
  a +0 unicorn horn
  a +0 unicorn horn
  a +0 unicorn horn
  an uncursed worthless piece of red glass

Barrb the Barbarian's attributes:

Background:
 You were a Raider, a level 15 female human Barbarian.
 You were neutral, on a mission for Crom
 who was opposed by Mitra (lawful) and Set (chaotic).
 You were right-handed.
 You were in Gehennom, on level 28.
 You entered the dungeon 41999 turns ago.
 You had 193138 experience points, 126862 more were needed to attain level 16.

Basics:
 You had 0 out of 168 hit points.
 You had all 41 energy points (spell power).
 Your armor class was -15.
 Your wallet was empty.
 Autopickup was off.

Final Characteristics:
 Your strength was 25 (base:18/09, innate limit:18/100).
 Your dexterity was 16 (peak:18, limit:18).
 Your constitution was 18 (limit:18).
 Your intelligence was 8 (limit:18).
 Your wisdom was 16 (limit:18).
 Your charisma was 8 (limit:18).

Final Status:
 You were hallucinating.
 You were satiated.
 You were burdened; movement was slightly slowed.
 You were wielding an axe.
 You had expert skill with axe.

Final Attributes:
 You were piously aligned.
 You were fire resistant.
 You were cold resistant.
 You were sleep resistant.
 You were poison resistant.
 You were telepathic.
 You were warned.
 You were displaced.
 You were stealthy.
 You had slower digestion.
 You had a moderate defense bonus (+6).
 You were guarded.
 You had reflection.
 You were very lucky.
 You had extra luck.
 Good luck did not time out for you.
 You are dead.

Miscellaneous:
 You encountered 3 bones levels.
 Total elapsed playing time was 19 hours, 21 minutes and 8 seconds.

Major events:
 Turn
    1: Barrb the neutral female human Barbarian entered the dungeon
 1064: attained the rank of Pillager (level 3)
 1162: entered the Gnomish Mines
 3815: attained the rank of Bandit (level 6)
 4897: reached Mine Town
 8231: acquired the Mines' End luckstone
10565: was bestowed with Cleaver by Crom
10869: attained the rank of Brigand (level 10)
10998: entered Sokoban
11525: completed 1st Sokoban level
12476: completed 2nd Sokoban level
13104: completed 3rd Sokoban level
14261: completed 4th Sokoban level
14518: acquired the Sokoban amulet of reflection
16128: the Oracle has been killed
17042: found Mjollnir on the floor
17235: entered the Bigroom
18409: performed her first genocide (master liches)
19716: entered Home 1, the Quest
20643: genocided class h
21886: attained the rank of Raider (level 14)
23214: Pelias has granted access to proceed deeper into the quest
23283: entered Home 2, the Quest
23595: entered Home 3, the Quest
24095: entered Home 4, the Quest
24146: entered Home 6, the Quest
24254: killed Thoth Amon
24256: acquired the Bell of Opening
24257: found the Heart of Ahriman on the floor
24298: genocided class T
24354: entered Home 5, the Quest
30115: killed Medusa
30650: genocided class L
31363: entered Gehennom
33057: made her first wish - "2 blessed scrolls of charging", got "2 scrolls of charging"
33061: wished for "blessed rustproof +2 gauntlets of power", got "a pair of fencing gloves"
34055: read a Discworld novel
37565: killed Croesus
41999: killed by a hallucinogen-distorted minotaur

You didn't know any spells.

Skills:
 Fighting Skills
   bare handed combat [Basic]
   two weapon combat  [Unskilled]
   riding             [Unskilled]
 Weapon Skills
   dagger             [Unskilled]
   axe                [Expert]
   pick-axe           [Unskilled]
   short sword        [Unskilled]
   broadsword         [Unskilled]
   long sword         [Unskilled]
   two-handed sword   [Skilled]
   saber              [Unskilled]
   club               [Unskilled]
   mace               [Unskilled]
   morning star       [Unskilled]
   flail              [Unskilled]
   hammer             [Unskilled]
   quarterstaff       [Unskilled]
   spear              [Unskilled]
   trident            [Unskilled]
   bow                [Unskilled]
 Spellcasting Skills
   attack spells      [Unskilled]
   escape spells      [Unskilled]

Voluntary challenges:
 Character rerolling was not enabled.
 You genocided 16 types of monsters.
 You never polymorphed an object.
 You never changed form.
 You used 2 wishes.
 You did not wish for any artifacts.
 You violated the special Sokoban rules 5 times.
Achievements:
 You attained the rank of Pillager.
 You entered the Gnomish Mines.
 You attained the rank of Bandit.
 You entered Minetown.
 You entered a shop.
 You entered a temple.
 You completed the Gnomish Mines.
 You attained the rank of Brigand.
 You entered Sokoban.
 You completed Sokoban.
 You entered the Big Room.
 You attained the rank of Raider.
 You had the Bell of Opening.
 You defeated Medusa.
 You entered Gehennom.
 You read from a Discworld novel.

 The Dungeons of Doom: levels 1 to 26
    Level 1:
    Level 2:
       A fountain, a grave.
    Level 3:
       A sink.
       Stairs down to The Gnomish Mines.
    Level 4:
       A grave.
       Final resting place for
          Nestorix-Pri-Hum-Fem-Neu, killed by a hobbit.
    Level 5:
    Level 6:
       An altar to Crom.
    Level 7:
       Many fountains.
       Oracle of Delphi.
    Level 8:
       A throne, a fountain.
       Stairs up to Sokoban, level 7.
    Level 9:
       Many graves.
       Final resting place for
          nethacknoob-Val-Dwa-Fem-Law, choked on an owlbear corpse,
          Gregony-Bar-Hum-Mal-Neu, killed by an owlbear.
    Level 10:
       A very big room.
    Level 11:
       Final resting place for
          jvanheel-Rog-Hum-Mal-Cha, killed by an ape, while frozen by a floating eye's gaze.
    Level 12:
    Level 13:
       Portal to Fort Ludios.
    Level 14:
       A temple and an altar to Crom.
       Portal to The Quest.
    Level 15:
       A throne, a fountain.
    Level 16:
       Some fountains.
    Level 17:
       A fountain.
    Level 18:
       A primitive area.
    Level 19:
       A temple and an altar.
    Level 20:
       A fountain.
    Level 21:
       A grave.
    Level 22:
       A fountain, a sink.
    Level 23:
    Level 24:
    Level 25:
    Level 26:
       A throne, a fountain.
       The castle (play 5-note tune to open or close drawbridge).
       Connection to Gehennom.
 Gehennom: levels 27 to 28
    Level 27:
       A temple and an altar, many graves.
       Valley of the Dead.
    Level 28: <- You were here.
       Final resting place for
          you, killed by a hallucinogen-distorted minotaur.
 The Gnomish Mines: levels 4 to 12
    Level 4:
    Level 5:
    Level 6:
       Many shops, a temple and an altar, some fountains.
    Level 7:
    Level 8:
    Level 9:
    Level 10:
    Level 11:
    Level 12:
 The Quest: levels 1 to 6
    Level 1:
       A throne, many trees.
       Completed quest for Pelias.
    Level 2:
    Level 3:
    Level 4:
    Level 5:
    Level 6:
       An altar.
 Sokoban: levels 7 up to 4
    Level 4:
       Solved.
    Level 5:
       Solved.
    Level 6:
       Solved.
    Level 7:
       Solved.
 Fort Ludios:
    Level 1:
       A throne.
       Fort Ludios.


Vanquished creatures:
    Medusa
    Croesus
    Thoth Amon
  2 purple worms
  a gray dragon
  2 gold dragons
  4 silver dragons
  a white dragon
 an orange dragon
  a black dragon
  a blue dragon
  3 green dragons
  2 yellow dragons
  4 minotaurs
  4 baluchitheria
  2 demiliches
  a stone golem
  a Nazgul
  3 pit fiends
  a hell hound
  7 titanotheres
  3 trappers
  a guardian naga
  a genetic engineer
  7 vampire leaders
the Oracle
  3 captains
  2 liches
  a clay golem
 11 nurses
  6 lurkers above
  2 Aleaxes
  2 frost giants
  4 ettins
  2 golden nagas
 10 vampires
  2 lieutenants
 31 ghosts
  a winged gargoyle
  a mind flayer
  3 giant mimics
  5 long worms
  9 zruties
  5 fire giants
  7 ogre tyrants
 an ice troll
 28 rock trolls
  5 umber hulks
  a flesh golem
 an elven monarch
  a doppelganger
  2 hezrous
  6 large mimics
  3 wumpuses
  a fire vortex
  7 couatls
 20 stalkers
  3 air elementals
  2 fire elementals
 an earth elemental
  a water elemental
  a hill giant
  3 giant mummies
  2 black nagas
  7 xorns
  9 giant zombies
 19 elf-nobles
 20 sergeants
  3 barbed devils
 14 wargs
  a winter wolf
  8 small mimics
  2 glass piercers
  3 warhorses
  8 xans
 14 ettin mummies
 14 ogre leaders
  7 quantum mechanics
 12 trolls
  3 sasquatches
  2 wood golems
  2 mariliths
  4 sharks
  8 gelatinous cubes
  a pyrolisk
  2 large dogs
  2 freezing spheres
  6 flaming spheres
  7 shocking spheres
  3 large cats
  8 tigers
  9 gargoyles
  2 dwarf rulers
  7 tengu
  3 ochre jellies
  7 leocrottas
  6 energy vortices
  6 mountain centaurs
  2 stone giants
  9 elf mummies
  4 human mummies
  4 red nagas
  5 pythons
  5 pit vipers
  a cobra
 31 wraiths
  3 carnivorous apes
 16 ettin zombies
  4 leather golems
  6 Grey-elves
119 soldiers
  3 watchmen
  2 amorous demons
  a horned devil
  3 chameleons
  2 crocodiles
 14 giant beetles
  7 quivering blobs
 10 cockatrices
  4 wolves
 13 winter wolf cubs
  a lynx
  4 panthers
  3 gremlins
 47 leprechauns
  4 orc-captains
  3 iron piercers
  3 mumakil
  6 giant spiders
  8 scorpions
  5 horses
  4 ice vortices
  a baby long worm
  8 black lights
  6 vampire bats
  8 forest centaurs
  9 gnome rulers
  5 orc mummies
  6 dwarf mummies
134 ogres
  3 brown puddings
 10 rust monsters
  7 owlbears
 10 yetis
  3 gold golems
  4 werewolves
  7 Green-elves
  8 giant eels
 14 lizards
  a dingo
  2 dogs
  6 jaguars
  a dwarf leader
  4 blue jellies
  4 white unicorns
  2 black unicorns
  4 dust vortices
  5 ravens
  7 plains centaurs
  4 gnome mummies
  6 snakes
  5 apes
  8 human zombies
  2 rope golems
 15 Woodland-elves
 23 soldier ants
 10 fire ants
 12 bugbears
  3 imps
  9 quasits
  a wood nymph
  4 water nymphs
  3 mountain nymphs
 51 Mordor orcs
  6 Uruk-hai
  4 orc shamans
  9 rock piercers
  5 rock moles
  8 ponies
  6 fog clouds
 13 yellow lights
  4 shriekers
  8 violet fungi
 31 gnome leaders
 17 gnomish wizards
  6 kobold mummies
  a red naga hatchling
  9 gray oozes
  2 barrow wights
 11 elf zombies
  9 ghouls
  8 straw golems
  2 paper golems
  3 jellyfish
  2 baby crocodiles
 12 giant ants
  2 little dogs
 20 floating eyes
 22 dwarves
  7 homunculi
  a kobold leader
  7 kobold shamans
 27 hill orcs
 16 rothes
  2 rabid rats
  3 centipedes
  7 giant bats
  4 monkeys
 11 orc zombies
 15 dwarf zombies
  3 wererats
  3 werejackals
 15 iguanas
 37 killer bees
  3 acid blobs
  8 coyotes
 11 hobbits
 12 manes
  5 large kobolds
 30 hobgoblins
  9 giant rats
  5 cave spiders
  a brown mold
  3 yellow molds
  2 red molds
 79 gnomes
 15 garter snakes
 10 gnome zombies
 14 geckos
  4 jackals
  3 kobolds
  9 goblins
  4 sewer rats
 14 grid bugs
  6 bats
 16 lichens
  9 kobold zombies
 13 newts
1936 creatures vanquished.

Genocided or extinct species:
 arch-liches
 master liches
 demiliches
 master mind flayers
 Olog-hai
 liches
 water trolls
 mind flayers
 ice trolls
 rock trolls
 trolls
 dwarf rulers
 soldiers (extinct)
 ogres (extinct)
 dwarf leaders
 bugbears
 dwarves
 hobbits
16 species genocided.
2 species extinct.

Game over:
                       ----------
                      /          \
                     /    REST    \
                    /      IN      \
                   /     PEACE      \
                  /                  \
                  |      Barrb       |
                  |       0 Au       |
                  |   killed by a    |
                  | hallucinogen-dis |
                  | torted minotaur  |
                  |                  |
                  |       2026       |
                 *|     *  *  *      | *
        _________)/\\_//(\/(/\)/\//\/|_)_______

Goodbye Barrb the Barbarian...

You died in Gehennom on dungeon level 28 with 670760 points,
and 0 pieces of gold, after 41999 moves.
You were level 15 with a maximum of 168 hit points when you died.

